 Dungeon Crawl Stone Soup version 0.31-a0-188-g5e087ee2ca (webtiles) character file.

Game seed: 17474907500157828448

731 qw the Skirmisher (level 7, -5/40 HPs)
             Began as a Deep Elf Hunter on June 23, 2023.
             Slain by an iguana (8 damage)
             ... while paralysed by Grinder
             ... on level 4 of the Dungeon.
             The game lasted 00:01:21 (3201 turns).

qw the Skirmisher (Deep Elf Hunter)                 Turns: 3201, Time: 00:01:22

Health: -5/40      AC:  3    Str: 10    XL:     7   Next: 45%
Magic:  9/9        EV:  2    Int: 14    God:
Gold:   171        SH:  0    Dex: 24    Spells: 6/6 levels left

rFire   + . .        Y - +0 shortbow
rCold   + . .        (shield currently unavailable)
rNeg    . . .        a - +0 robe {rC+ rF+}
rPois   .            m - +0 helmet
rElec   .            (no cloak)
rCorr   .            (no gloves)
SInv    .            (no boots)
Will    .....        f - amulet of reflection
Stlth   ++           g - +6 ring of dexterity
HPRegen 0.26/turn    (no ring)
MPRegen 0.11/turn

%: reflection
@: paralysed
A: no striking features
a: no special abilities


You were on level 4 of the Dungeon.
You visited 1 branch of the dungeon, and saw 4 of its levels.

You collected 171 gold pieces.


   Skills:
 - Level 2.7 Fighting
 - Level 10.5 Ranged Weapons
 - Level 1.2 Armour
 + Level 4.2 Dodging
 - Level 1.2 Stealth


You had 6 spell levels left.
You didn't know any spells.
Your spell library was empty.

Inventory:

Hand Weapons
 Y - a +0 shortbow (weapon)
Armour
 a - a +0 robe of resistance (worn)
 l - a +0 ring mail
 m - a +0 helmet (worn)
Jewellery
 f - an amulet of reflection (around neck)
 g - a +6 ring of dexterity (left hand)
Scrolls
 e - 2 scrolls of identify
Potions
 b - a potion of resistance
 c - a potion of might {unknown}
 d - a potion of enlightenment
 h - a potion of berserk rage {unknown}
 i - 2 potions of curing

Dungeon Overview and Level Annotations

Branches:
Dungeon (4/15)
 Temple: D:4-7

Altars:

Annotations:
D:4 Grinder


Message History

Grinder shouts!
Grinder gestures at you.
You suddenly lose the ability to move!
A sleepcap comes into view.
Grinder gestures at you. You resist with some effort.
An iguana comes into view.
Grinder gestures at you.
You shrug off the repeated paralysis!
You can move again.
You see here an amulet of faith.
Enter note:
Enter note: You shoot an arrow.
The arrow barely misses Grinder.
You shoot an arrow.
The arrow hits Grinder but does no damage.
Grinder blinks!
You shoot an arrow. The arrow hits the sleepcap.
The sleepcap is lightly damaged.
You shoot an arrow.
The arrow hits the sleepcap but does no damage.
The sleepcap is lightly damaged.
You shoot an arrow. The arrow hits the sleepcap!
The sleepcap is heavily damaged.
You shoot an arrow. The arrow hits the sleepcap.
The sleepcap is severely damaged.
The sleepcap releases spores at you!
You are engulfed in a cloud of soporific spores!
You fall asleep.
Grinder blinks!
The sleepcap releases spores at you!
You wake up.
You are engulfed in a cloud of soporific spores!
You are unaffected.
You shoot an arrow. The arrow hits the sleepcap!
The sleepcap is almost destroyed.
Grinder gestures at you.
You suddenly lose the ability to move!
The sleepcap releases spores at you. The iguana bites you!
Grinder grins, showing sharp teeth.
The iguana bites you!
You die...

#.# ##..### #<#
###.####.....# #.#
(...##.......# #.#
^#####.#...#.## #.# .#
#.####...#### # #.#
.#####.# #.#.....#.# #.#
..#....# ##...##5#.##
#.#
....##.#####.###.l..##..
...
................@f......
...##############?..####
...# ..## ..... ###
...### ####


You could see Grinder, a sleepcap and an iguana.

Vanquished Creatures
  Sigmund (D:4)
  Duvessa (D:4)
  An ogre (D:3)
  A scorpion (D:4)
  Dowan (D:4)
  A hound (D:3)
  Natasha (thrice) (D:2)
  An iguana (D:3)
  An orc wizard (D:4)
  3 adders
  2 worms (D:2)
  3 dart slugs
  7 orcs
  4 bats
  6 endoplasms
  2 giant cockroaches (D:3)
  6 goblins
  7 hobgoblins
  4 jackals (D:3)
  A quokka (D:2)
  9 ball pythons
  3 frilled lizards
  5 kobolds
  10 rats
83 creatures vanquished.

Notes
Turn   | Place    | Note
-------+----------+-------------------------------------------
     0 | D:1      | qw the Deep Elf Hunter began the quest for the Orb.
     0 | D:1      | Reached XP level 1. HP: 12/12 MP: 3/3
     0 | D:1      | 0 ||| qw: Version: 0.3-a-9-g12657ce
     0 | D:1      | 0 ||| qw: Game counter: 4064
     0 | D:1      | 0 ||| qw: Always use a shield: true
     0 | D:1      | 0 ||| qw: God list: Okawaru
     0 | D:1      | 0 ||| qw: Allow faded altars: false
     0 | D:1      | 0 ||| qw: Do Orc after D:15 true
     0 | D:1      | 0 ||| qw: Do second Lair branch before Depths: true
     0 | D:1      | 0 ||| qw: Lair rune preference: random
     0 | D:1      | 0 ||| qw: Plans: Normal
     0 | D:1      | 0 ||| PLANNING D:1-11
   253 | D:1      | Reached skill level 6 in Ranged Weapons
   253 | D:1      | Reached XP level 2. HP: 16/16 MP: 4/4
   654 | D:1      | 654 ||| UPGRADING to +6 ring of dexterity.
   655 | D:1      | 655 ||| READING scroll labelled BOCWEI XOGA.
   656 | D:1      | 656 ||| READING scroll labelled QEOLOI WUQO.
   668 | D:1      | 668 ||| DROPPING scroll of butterflies.
   767 | D:2      | Found a faded altar of an unknown god.
   822 | D:2      | Reached XP level 3. HP: 20/20 MP: 5/5
  1005 | D:2      | Reached skill level 7 in Ranged Weapons
  1030 | D:2      | HP: 4/20 [worm (7)]
  1031 | D:2      | 1031 ||| READING 2 scrolls of teleportation.
  1136 | D:2      | Noticed Natasha
  1139 | D:2      | Killed Natasha
  1140 | D:2      | Reached skill level 3 in Dodging
  1140 | D:2      | Reached XP level 4. HP: 25/25 MP: 6/6
  1333 | D:2      | Noticed Natasha
  1335 | D:2      | 1335 ||| FLEEEEING.
  1336 | D:2      | 1336 ||| FLEEEEING.
  1353 | D:2      | Killed Natasha
  1357 | D:2      | Noticed Natasha
  1360 | D:2      | Killed Natasha
  1588 | D:2      | 1588 ||| READING 3 scrolls labelled OCRAHEFAMM.
  1589 | D:2      | 1589 ||| READING scroll labelled ZEVISUNK ITAA.
  1590 | D:2      | 1590 ||| READING scroll labelled OREBBO ZUSYT.
  1590 | D:2      | Identified a scroll of acquirement
  1590 | D:2      | 1590 ||| ACQUIRING amulet of reflection
  1590 | D:2      | Acquired an amulet of reflection
  1592 | D:2      | 1592 ||| UPGRADING to amulet of reflection.
  1597 | D:2      | 1597 ||| READING scroll labelled PET CYOLAR.
  1642 | D:2      | 1642 ||| READING 2 scrolls of identify.
  1642 | D:2      | 1642 ||| IDENTIFYING emerald potion
  1700 | D:3      | Reached XP level 5. HP: 18/29 MP: 7/7
  1700 | D:3      | 1700 ||| FLEEEEING.
  1701 | D:3      | 1701 ||| FLEEEEING.
  1702 | D:3      | 1702 ||| FLEEEEING.
  1703 | D:3      | 1703 ||| FLEEEEING.
  1704 | D:3      | 1704 ||| FLEEEEING.
  1705 | D:3      | 1705 ||| FLEEEEING.
  1706 | D:3      | 1706 ||| STAIRDANCE
  1746 | D:3      | 1746 ||| STAIRDANCE
  1794 | D:3      | Reached skill level 8 in Ranged Weapons
  2451 | D:3      | 2451 ||| UPGRADING to +0 ring mail.
  2461 | D:3      | 2461 ||| DROPPING +0 leather armour.
  2462 | D:3      | 2462 ||| UPGRADING to +0 helmet.
  2467 | D:3      | 2467 ||| READING scroll labelled QAKOAL UDIGU.
  2468 | D:3      | 2468 ||| READING scroll labelled SAWKEN PEIFAK.
  2469 | D:3      | 2469 ||| DRINKING 2 glowing silvery potions.
  2470 | D:3      | 2470 ||| READING 3 scrolls of identify.
  2470 | D:3      | 2470 ||| IDENTIFYING bubbling orange potion
  2471 | D:3      | 2471 ||| READING 2 scrolls of identify.
  2471 | D:3      | 2471 ||| IDENTIFYING lumpy green potion
  2472 | D:3      | 2472 ||| DROPPING potion of magic.
  2509 | D:4      | Noticed an ogre
  2513 | D:4      | 2513 ||| STAIRDANCE
  2515 | D:3      | HP: 7/29 [ogre/+0 giant club (6)]
  2516 | D:3      | 2516 ||| READING scroll of teleportation.
  2518 | D:3      | Killed an ogre
  2519 | D:3      | Reached skill level 9 in Ranged Weapons
  2519 | D:3      | Reached XP level 6. HP: 9/34 MP: 8/8
  2678 | D:4      | Noticed Duvessa
  2695 | D:4      | Killed Duvessa
  2696 | D:4      | Noticed Dowan
  2700 | D:4      | Noticed Sigmund
  2706 | D:4      | Killed Dowan
  2709 | D:4      | Killed Sigmund
  2710 | D:4      | Reached skill level 10 in Ranged Weapons
  2710 | D:4      | Reached XP level 7. HP: 16/40 MP: 9/9
  2863 | D:4      | Reached skill level 1 in Armour
  2868 | D:4      | 2868 ||| STAIRDANCE
  2935 | D:3      | 2935 ||| UPGRADING to +0 robe of resistance.
  3190 | D:4      | Noticed Grinder
  3190 | D:4      | Paralysed by Grinder for 3 turns
  3200 | D:4      | Paralysed by Grinder for 4 turns
  3200 | D:4      | HP: 3/40 [iguana (13)]
  3201 | D:4      | Slain by an iguana

Levels and vault maps discovered:
D:1:      lightli_molten_gateway, layout_loops_ring
D:2:      layout_basic, nicolae_ecumenical_pavilion, serial_bayou_pond_a,
          uniq_natasha
D:3:      layout_loops_cross, dreamdust_princess_corridor
D:4:      layout_loops_ring, nicolae_shop_self_help, uniq_sigmund, uniq_duvessa,
          uniq_grinder

Skill      XL: |  1  2  3  4  5  6  7 |
---------------+----------------------+-----
Ranged Weapons | 6 7 9 10 | 10.5
Dodging        | 3 4 |  4.2
Fighting       | 2 |  2.7
Armour         | 1 |  1.2
Stealth        | |  1.2

Action                     |  1- 3 |  4- 6 |  7- 9 || total
---------------------------+-------+-------+-------++-------
   Fire: Shortbow          |    98 |   153 |    59 ||   310
    Use: Scroll            |     3 |    10 |       ||    13
         Potion            |       |     1 |       ||     1
 Armour: Leather armour    |     6 |     9 |       ||    15
         Ring mail         |       |     3 |     1 ||     4
         Robe              |       |       |     1 ||     1
  Dodge: Dodged            |     8 |    34 |    12 ||    54
  Block: Other             |       |    17 |     2 ||    19
         Reflection        |       |       |     1 ||     1

Table legend:
 A = Non-vault XP
 B = Vault XP
 C = Vault XP percentage of total XP
 D = Non-vault monster count
 E = Vault monster count
 F = Vault count percentage of total count
                 A         B        C        D         E       F
            +---------+---------+-------+---------+---------+-------
      Total |     562 |     483 |  46.2 |      79 |       4 |   4.8
            +---------+---------+-------+---------+---------+-------
        D:1 |      26 |       0 |   0.0 |      15 |       0 |   0.0
        D:2 |     132 |      36 |  21.4 |      25 |       1 |   3.8
        D:3 |     257 |       0 |   0.0 |      28 |       0 |   0.0
        D:4 |     147 |     447 |  75.3 |      11 |       3 |  21.4
            +---------+---------+-------+---------+---------+-------
